 Dungeon Crawl Stone Soup version 0.30.0-10-gfe55d96785 (webtiles) character file.

Game seed: 17159715998803349410

2533 Spectrina the Scholar (level 9, -13/68 HPs)
             Began as a Human Monk on May 11, 2023.
             Was an Elder of Sif Muna.
             Mangled by a yak (14 damage)
             ... on level 8 of the Dungeon on May 13, 2023.
             The game lasted 00:33:00 (2896 turns).

Spectrina the Scholar (Human Monk)                  Turns: 2896, Time: 00:33:01

Health: -13/68     AC:  5    Str: 15      XL:     9   Next: 84%
Magic:  15/15      EV: 12    Int: 12      God:    Sif Muna [****..]
Gold:   218        SH:  0    Dex: 14 (15) Spells: 7/8 levels left

rFire   + . .        a - +9 morningstar "Hius" {freeze, rN+ Will+}
rCold   + . .        d - orb {light}
rNeg    + . .        e - +2 leather armour {rF+}
rPois   +            (no helmet)
rElec   +            h - scarf {repulsion}
rCorr   +            (no gloves)
SInv    +            (no boots)
Will    +....        u - amulet of magic regeneration Stlth
                     v - ring of see invisible
HPRegen 0.31/turn    (no ring)
MPRegen 0.54/turn

%: repel missiles
@: silenced, resistant, on berserk cooldown, slowed, glowing, very slow
A: deterioration 1, heat vulnerability 1
a: Renounce Religion


You were on level 8 of the Dungeon.
You worshipped Sif Muna.
Sif Muna was greatly pleased with you.
You visited 1 branch of the dungeon, and saw 8 of its levels.
You also visited: Sewer.

You collected 218 gold pieces.

Inventory:

Hand Weapons
 a - the +9 morningstar "Hius" (weapon) {freeze, rN+ Will+}
   (You found it on level 2 of the Dungeon)

   rN:        It protects you from negative energy.
   Will:      It increases your willpower.
 b - a +0 sling
Missiles
 D - 6 boomerangs (quivered)
Armour
 c - the +0 leather armour "Fiycwok" {rPois Dex+4}
   (You found it on level 6 of the Dungeon)

   Dex:       It affects your dexterity (+4).
   rPois:     It protects you from poison.
 d - an orb of light (worn)
 e - a +2 leather armour of fire resistance (worn)
 f - a +0 plate armour
 h - a scarf of repulsion (worn)
 l - a +2 robe of fire resistance
 r - a +0 cloak
Magical Staves
 m - a staff of cold
 o - a staff of fire
 x - a staff of air
Jewellery
 u - an amulet of magic regeneration (around neck)
 v - a ring of see invisible (left hand)
 B - a ring of fire
Scrolls
 g - a scroll of blinking {unknown}
 j - a scroll of enchant armour {unknown}
 k - a scroll of vulnerability {unknown}
 n - 3 scrolls of poison {unknown}
 w - 3 scrolls of teleportation
Potions
 p - 2 potions of haste
 A - 4 potions of flight


   Skills:
 - Level 5.0 Fighting
 + Level 9.0 Maces & Flails
 - Level 3.0 Dodging
 + Level 9.3 Invocations


You had 7 spell levels left.
You knew the following spells:

 Your Spells              Type           Power      Damage    Failure   Level
a - Beastly Appendage     Tmut           0%         N/A       38%         1

Your spell library contained the following spells:

 Spells                   Type           Power      Damage    Failure   Level
 Magic Dart               Conj           0%         1d3       38%         1
 Searing Ray              Conj           0%         2d4       52%         2
 Sublimation of Blood     Necr           0%         N/A       52%         2
 Wereblood                Tmut           0%         N/A       52%         2
 Ozocubu's Armour         Ice            0%         N/A       77%         3
 Spider Form              Tmut/Pois      0%         N/A       77%         3
 Anguish                  Hex/Necr       0%         N/A       99%         4
 Cause Fear               Hex            0%         N/A       99%         4
 Fulminant Prism          Conj/Hex       0%         3d5       99%         4
 Metabolic Englaciation   Hex/Ice        0%         N/A       100%        5
 Simulacrum               Ice/Necr       0%         N/A       100%        6
 Enfeeble                 Hex            0%         N/A       100%        7
 Summon Hydra             Summ           0%         N/A       100%        7


Dungeon Overview and Level Annotations

Branches:
Dungeon (8/15)             Temple (0/1) D:6           Sewer (visited)
   Lair: D:8-11

Altars:
Sif Muna
Vehumet
Wu Jian

Shops:
D:4 **

Annotations:
D:8 Maurice


Innate Abilities, Weirdness & Mutations

Your body sometimes deteriorates upon taking damage.
You are vulnerable to heat. (rF-)


Message History

The bullfrog hits you. The bullfrog completely misses you.
You hit the bullfrog. You freeze the bullfrog.
The bullfrog is almost dead.
The bullfrog hits you but does no damage.
The bullfrog closely misses you.
You puncture the bullfrog!
The bullfrog seems to slow down.
You freeze the bullfrog.
You kill the bullfrog!
Sif Muna accepts your kill. The yak gores you!
Your Maces & Flails skill increases to level 9!
Unknown command.
Unknown command.
Maurice shouts!
The kobold shouts!
The yak bellows!
You hear a shout! x2
Maurice throws a poisoned dart.
The poisoned dart hits you!
Unknown command.
Maurice throws a poisoned dart.
The poisoned dart hits you! The yak closely misses you.
Unknown command.
The yak attacks as you move away! The yak gores you!
* * * LOW HITPOINT WARNING * * *
Maurice picks up a potion of degeneration.
Unknown command.
You puncture the yak! You freeze the yak.
The yak is moderately wounded.
The yak closely misses you.
It was a potion of mutation.
You feel extremely strange.
You feel yourself wasting away.
You feel vulnerable to heat. The yak gores you!
* * * LOW HITPOINT WARNING * * *
As you read the scroll labelled ZOIF AMY BOLOAHACU, it crumbles to dust.
A profound silence engulfs you.
It was a scroll of silence.
The yak closely misses you. x2; The yak gores you!
* * * LOW HITPOINT WARNING * * *
Your body deteriorates!
You feel clumsy.
Unknown command.
You sock the yak! You freeze the yak.
The yak is heavily wounded.
The yak gores you!
You die...

.. #K #.## ### ## #..#
..##. #####)## #...
####...K..######..######
........................
#.#@<...#....###....# ..
#.###........Y@# .## ...
######...Y#### .. ....
#####@K...###.# ....
.............#.# ....
.......##†##...# ####
....... #.Y#..## .......
##.)..# # .......
#....####.# .......
###Y..>....#


You could see Maurice, 2 yaks and a kobold.

Vanquished Creatures
  Erica (D:8)
  2 wyverns (D:8)
  2 steam dragons (D:8)
  Duvessa (D:5)
  A black bear (D:6)
  2 centaurs (D:6)
  An ogre (D:5)
  A phantom (D:6)
  2 scorpions (D:5)
  A bullfrog (D:8)
  Dowan (D:5)
  A howler monkey (D:6)
  An electric eel (D:6)
  A jelly (D:6)
  An orc priest (D:5)
  A hound (D:5)
  2 sleepcaps
  3 iguanas (D:6)
  A malarious merfolk avatar (Sewer)
  A sickly merfolk siren (Sewer)
  14 gnolls
  8 adders
  A river rat (D:5)
  An ufetubus (D:6)
  A worm (D:2)
  A dart slug (D:2)
  4 orcs (D:3)
  10 ball pythons
  8 endoplasms
  4 giant cockroaches
  2 goblins
  7 hobgoblins
  2 jackals (D:1)
  4 kobolds
  3 quokkas (Sewer)
  4 bats
  8 frilled lizards
  25 rats
134 creatures vanquished.

Notes
Turn   | Place    | Note
-------+----------+-------------------------------------------
     0 | D:1      | Spectrina the Human Monk began the quest for the Orb.
     0 | D:1      | Reached XP level 1. HP: 18/18 MP: 1/1
    37 | D:1      | Reached XP level 2. HP: 24/24 MP: 2/2
   130 | D:2      | Reached XP level 3. HP: 25/30 MP: 3/3
   196 | D:4      | Found Olusch's General Store.
   197 | D:4      | Found Roajugh's Specific Store.
   228 | D:4      | Noticed an ogre
   245 | D:3      | Found a shimmering blue altar of Sif Muna.
   259 | D:3      | Became a worshipper of Sif Muna the Loreminder
   259 | D:3      | Reached * piety under Sif Muna
   259 | D:3      | Reached ** piety under Sif Muna
   304 | D:3      | Found an ornate altar of the Wu Jian Council.
   348 | D:3      | Learned a level 1 spell: Beastly Appendage
   485 | D:3      | Reached XP level 4. HP: 38/38 MP: 0/4
   614 | D:2      | Found a radiant altar of Vehumet.
   964 | D:2      | Found a faded altar of an unknown god.
  1046 | D:2      | Reached skill level 1 in Invocations
  1051 | D:2      | Identified the +9 morningstar "Hius" {freeze, rN+ Will+}
  1349 | D:2      | Reached *** piety under Sif Muna
  1453 | D:3      | Reached XP level 5. HP: 43/43 MP: 6/6
  1455 | D:3      | Reached skill level 5 in Fighting
  1533 | D:5      | Entered Level 5 of the Dungeon
  1548 | D:5      | Reached XP level 6. HP: 46/51 MP: 6/8
  1647 | D:5      | Noticed an ogre
  1654 | D:5      | Killed an ogre
  1693 | D:5      | Reached XP level 7. HP: 43/56 MP: 8/10
  1884 | D:5      | Noticed Duvessa
  1898 | D:5      | Killed Duvessa
  1899 | D:5      | Reached skill level 5 in Maces & Flails
  1919 | D:5      | Noticed Dowan
  1927 | D:5      | Killed Dowan
  1929 | D:5      | Reached skill level 5 in Invocations
  1977 | D:5      | Found a glowing drain.
  1993 | Sewer    | Entered a sewer
  2155 | Sewer    | Reached **** piety under Sif Muna
  2238 | Sewer    | Reached XP level 8. HP: 60/62 MP: 12/12
  2264 | Sewer    | Identified the +0 leather armour of Fybiop {-Cast rPois rF+
                  | Will- rCorr}
  2276 | D:5      | Upgraded the game from 0.30.0-5-g1a98f26d00 to
                  | 0.30.0-10-gfe55d96785
  2445 | D:6      | Found a staircase to the Ecumenical Temple.
  2470 | D:6      | Identified the +0 leather armour "Fiycwok" {rPois Dex+4}
  2816 | D:8      | Noticed a wyvern
  2820 | D:8      | Killed a wyvern
  2821 | D:8      | Reached XP level 9. HP: 56/68 MP: 14/14
  2831 | D:8      | Noticed Erica
  2853 | D:8      | Noticed Maurice
  2879 | D:8      | Killed Erica
  2894 | D:8      | Gained mutation: Your body sometimes deteriorates upon
                  | taking damage. [potion of mutation]
  2894 | D:8      | Gained mutation: You are vulnerable to heat. (rF-) [potion
                  | of mutation]
  2895 | D:8      | HP: 1/68 [yak (9)]
  2896 | D:8      | Mangled by a yak

Illustrated notes

Levels and vault maps discovered:
D:1:      dpeg_arrival_long_road, layout_loops_ring, nrook_mini_vaults,
          grunt_decor_cap
D:2:      minmay_general_purpose_star, layout_loops_ring, basic_altar,
          chequers_ecumenical_altar_simple
D:3:      layout_loops_ring, nicolae_wu_jian_wuxing_cycle,
          nicolae_overflow_crystal_walls
D:4:      cheibrodos_helix_gallery, layout_basic,
          hangedman_decor_clover_reticule, nicolae_specific_store,
          minmay_box_of_dots
D:5:      layout_basic, portal_sewer_entry_b, minmay_holes, uniq_duvessa
D:6:      layout_loops_cross, trog_book, minmay_temple_entry_ruins,
          serial_bayou, serial_bayou_lagoon_a, serial_bayou_ford_a,
          serial_bayou_pond_c, serial_bayou_pond_b, minmay_misc_feat_alley
D:7:      layout_basic, nicolae_benzene_ring
D:8:      layout_rooms, kennysheep_pointless_box, nrook_campfire, uniq_maurice,
          uniq_amaemon, uniq_erica

Skill      XL: |  1  2  3  4  5  6  7  8  9 |
---------------+----------------------------+-----
Fighting       | 4 5 |  5.0
Invocations    | 1 2 4 5 7 9 |  9.3
Maces & Flails | 4 5 7 9 |  9.0
Dodging        | |  3.0

Action                     |  1- 3 |  4- 6 |  7- 9 || total
---------------------------+-------+-------+-------++-------
  Melee: Mace              |    59 |    39 |       ||    98
         Kick              |     3 |     4 |     1 ||     8
         Headbutt          |     2 |     1 |     1 ||     4
         Dagger            |       |    14 |       ||    14
         Morningstar       |       |    31 |   135 ||   166
   Fire: Sling             |       |       |    28 ||    28
  Throw: Dart              |       |     6 |     7 ||    13
   Cast: Beastly Appendage |     1 |     1 |     3 ||     5
    Use: Scroll            |       |       |     6 ||     6
         Potion            |       |       |     7 ||     7
 Armour: Robe              |     9 |    10 |       ||    19
         Leather armour    |       |       |    35 ||    35
  Dodge: Dodged            |    47 |    52 |    96 ||   195
         Repelled          |       |       |     2 ||     2
